 Dungeon Crawl Stone Soup version 0.20-a0-1122-gb7cbeb9 (webtiles) character file.

870258 Dustman the Swordmaster (level 25, -3/257 HPs)
             Began as a Minotaur Gladiator on May 11, 2017.
             Was the Champion of Ru.
             Slain by a frost giant simulacrum (9 damage)
             ... led by a necromancer
             ... on level 5 of the Abyss on May 13, 2017.
             The game lasted 08:02:44 (56295 turns).

Dustman the Swordmaster (Minotaur Gladiator)       Turns: 56295, Time: 08:02:44

Health: -3/257     AC: 35    Str: 41    XL:     25
Magic:  22/22      EV: 36    Int:  4    God:    Ru [******]
Gold:   9610       SH:  0    Dex: 24    Spells: 24/24 levels left

rFire    + . .     SeeInvis .   r - +9 triple sword of Patterns {slice, rElec Str+7 Int-3 Dex+4}
rCold    + + .     Gourm    .   (shield currently unavailable)
rNeg     + . .     Faith    .   y - +7 chain mail of the Trilobite {Regen+}
rPois    .         Spirit   .   q - +0 hat "Wanokeip" {*Corrode Str+8 Int+2}
rElec    +         Reflect  .   Q - scarf {rC+ rF+}
rCorr    +         Harm     .   L - +2 pair of gloves of Ozigulue {rN+ rCorr}
MR       +....     Rnd*Rage +   O - +0 pair of boots of Xom's Supremacy {+Fly Regen+}
Stlth    +++++++...             e - amulet of regeneration
Regen    0.0/turn               H - +5 ring of dexterity
MPRegen  0.2/turn               s - +4 ring of slaying

@: about to teleport, non-regenerating, diseased
A: retaliatory headbutt, horns 2, repulsion field 1, iridescent scales 2,
[berserk 3], blurry vision 1, cold resistance 1, weak 1, inability to use
devices, hated by all, no hexes magic, no poison magic, no translocations magic,
inexperienced 1
}: 6/15 runes: decaying, slimy, silver, iron, obsidian, gossamer
a: Draw Out Power, Power Leap, Apocalypse, Renounce Religion


You were on level 5 of the Abyss.
You worshipped Ru.
Ru was exalted by your worship.
You were hungry.

You visited 15 branches of the dungeon, and saw 79 of its levels.
You visited Pandemonium 1 time, and saw 1 of its levels.
You visited the Abyss 3 times.
You also visited: Sewer, Bailey, Ice Cave and Volcano.

You collected 10878 gold pieces.
You spent 1268 gold pieces at shops.

Inventory:

Hand Weapons
 p - a +9 triple sword of holy wrath
 r - the +9 triple sword of Patterns (weapon) {slice, rElec Str+7 Int-3 Dex+4}
   (You acquired it on level 5 of the Lair of Beasts)

   It inflicts extra damage upon your enemies.
   It affects your strength (+7).
   It affects your intelligence (-3).
   It affects your dexterity (+4).
   It insulates you from electricity.
 G - a +2 great sword of flaming
Missiles
 d - 14 throwing nets (quivered)
Armour
 a - +10 shadow dragon scales
 q - the +0 hat "Wanokeip" (worn) {*Corrode Str+8 Int+2}
   (You acquired it on level 4 of the Vaults)

   It affects your strength (+8).
   It affects your intelligence (+2).
   It may corrode you when you take damage.
 y - the +7 chain mail of the Trilobite (worn) {Regen+}
   (You found it on level 1 of the Depths)

   It increases your rate of regeneration.
 L - the +2 pair of gloves of Ozigulue (worn) {rN+ rCorr}
   (You found it on level 7 of the Dungeon)

   It protects you from negative energy.
   It protects you from acid and corrosion.
 O - the +0 pair of boots of Xom's Supremacy (worn) {+Fly Regen+}
   (You found it in a volcano)

   It lets you fly.
   It increases your rate of regeneration.
 Q - a scarf of resistance (worn)
Jewellery
 e - an amulet of regeneration (around neck)
 i - the ring of Xeesm {rElec Int+5 SInv}
   (You found it on level 7 of Gehenna)

   [ring of intelligence]

   It affects your intelligence (+5).
   It insulates you from electricity.
   It lets you see invisible.
 s - a +4 ring of slaying (right hand)
 H - a +5 ring of dexterity (left hand)
Scrolls
 b - 17 scrolls of identify
 h - 27 scrolls of remove curse
 j - a scroll of enchant weapon
 o - 14 scrolls of teleportation
 C - 5 scrolls of fog
 J - 4 scrolls of fear
 S - a scroll of holy word
Potions
 c - 4 potions of brilliance
 g - 5 potions of ambrosia
 m - 9 potions of curing
 n - 11 potions of cancellation
 v - 6 potions of mutation
 z - 6 potions of magic
 D - 3 potions of haste
 K - 2 potions of flight
Miscellaneous
 t - 6 phantom mirrors
Comestibles
 f - 25 bread rations
 l - 36 meat rations
 w - 26 fruits
 x - 2 royal jellies


   Skills:
 O Level 27 Fighting
 O Level 27 Long Blades
 - Level 2.0 Throwing
 O Level 27 Armour
 O Level 27 Dodging
 + Level 25.3 Stealth


You had 24 spell levels left.
You didn't know any spells.

Dungeon Overview and Level Annotations

Branches:
Dungeon (15/15)            Temple (0/1) D:6            Lair (6/6) D:9
  Swamp (4/4) Lair:2       Spider (4/4) Lair:4        Slime (5/5) Lair:6
    Orc (2/2) D:9             Elf (3/3) Orc:2        Vaults (5/5) D:13
  Crypt (0/3) Vaults:3     Depths (5/5) D:15           Hell (1/1)
    Dis (7/7) Hell            Geh (7/7) Hell            Coc (7/7) Hell
    Tar (3/7) Hell            Zot (5/5) Depths:5

Altars:
Dithmenos
Fedhas
Ru
Sif Muna
Trog
Wu Jian
Yredelemnul
Zin
Beogh
Jiyva

Shops:
D:5 ([(*[   D:12 (   Orc:1 [   Orc:2 ??%}   Elf:1 *   Elf:2 (:   Elf:3 *
Vaults:2 %(:*   Vaults:3 (?[   Vaults:4 (   Vaults:5 (   Depths:1 :%%*
Depths:2 *[!%

Portals:
Hell: Depths:1 Depths:2 Depths:3 Depths:4 Depths:5
Abyss: Depths:4
Pandemonium: Depths:2 Depths:3 Depths:5
Ziggurat: Depths:2

Annotations:
Lair:3 exclusion: oklob plant
Lair:5 exclusion: 3 oklob plants
Elf:2 3 runed doors


Innate Abilities, Weirdness & Mutations

You reflexively headbutt those who attack you in melee.
You have a pair of horns on your head.
You are weak. (Str -2)
You cannot study or use magical devices.
You are hated by all.
You cannot study or cast Hexes magic.
You cannot study or cast Poison magic.
You cannot study or cast Translocations magic.
You are somewhat inexperienced. (-2 XL)
You are surrounded by a mild repulsion field. (EV +2)
You are mostly covered in iridescent scales. (AC +4)
Scrolls take you a little longer to read.
Your flesh is cold resistant. (rC+)
[You have an uncontrollable temper.]


Message History

The hellwing hits you but does no damage.
You barely miss the hellwing.
You headbutt the hellwing, but do no damage.
The hellwing is severely wounded.
You feel ill.
The starcursed mass completely misses you.
You furiously retaliate!
You headbutt the starcursed mass!
You destroy the starcursed mass!
A chorus of shrieks assaults your mind.
* * * LOW HITPOINT WARNING * * *
You focus your will and blind the starcursed mass in retribution!
The wretched star pulses with an eldritch light!
You feel extremely angry at everything!
You hit the hellwing but do no damage. Your headbutt misses the hellwing.
The hellwing is severely wounded.
The hellwing misses you. The hellwing barely misses you.
You hit the hellwing but do no damage.
The hellwing is severely wounded.
The frost giant simulacrum hits you!
You die...

. #. #.# .##.. .#.
:... # # #..## . #
.†###...# ##X# . #
#.#....##.#.#s.
#..#... #.†..X..X.
#.#...X#.4.#.hX.#§
#....§ X##@#
..#.!. #
#.###vXZ#.§§ .. .
#..[xXx..§.# #
.XX#...#vv##h## #
#.####*x§.# . §.
.hX...# ..h
.X..h#.# ..
X#..#.. ## .
....#....


You could see 3 starcursed masses, a wretched star, an ancient zyme, 2 large
abominations, a hellwing, 2 raiju, 2 small abominations, 3 insubstantial wisps
and a frost giant simulacrum.

Vanquished Creatures
  Asmodeus (Geh:7)
  the Royal Jelly (Slime:5)
  the Serpent of Hell (Geh:7)
  6 ancient liches (Zot:5)
  5 orbs of fire
  Dispater (Dis:7)
  Tiamat (Zot:4)
  Mara (Swamp:4)
  Sojobo (Depths:4)
  Boris (Depths:3)
  Bai Suzhen (Depths:3)
  2 Killer Klowns (Zot:5)
  Geryon (Hell)
  13 golden dragons
  A golden dragon (shapeshifter) (Vaults:5)
  Nikola (Swamp:4)
  A pearl dragon (Depths:4)
  3 bone dragons
  A doom hound (Tar:2)
  4 iron giants (Dis:7)
  17 Brimstone Fiends
  3 Tzitzimimeh
  4 electric golems
  Arachne (Spider:2)
  5 Hell Sentinels
  14 tentacled monstrosities
  10 Ice Fiends
  24 Orb Guardians (Zot:5)
  7 quicksilver dragons
  5 titans
  2 deep elf blademasters (Elf:3)
  2 deep elf master archers (Elf:3)
  4 liches
  10 death cobs
  20 acid blobs
  7 tentacled starspawn
  2 eldritch tentacles
  4 ancient champions (Dis:7)
  4 sphinxes
  11 shadow dragons
  Gastronok (D:9)
  Agnes (D:14)
  10 draconian monks
  8 tengu reavers
  Donald (Swamp:2)
  2 thorn hunters
  A warmonger (Pan)
  15 storm dragons
  17 azure jellies
  3 daevas (Depths:4)
  4 orc warlords
  23 vault wardens
  11 frost giants
  11 balrugs
  7 deep elf sorcerers
  11 fire giants
  Aizul (Spider:2)
  7 draconian stormcallers
  7 draconian scorchers
  10 iron dragons
  6 ghost moths
  4 cacodemons
  10 draconian knights
  5 angels
  8 draconian shifters
  A caustic shrike zombie (Depths:4)
  5 emperor scorpions (Spider:4)
  7 deep elf elementalists
  5 war gargoyles
  12 very ugly things
  24 reapers
  3 vampire knights
  A spriggan defender (Depths:4)
  17 ironheart preservers
  14 draconian annihilators
  6 entropy weavers
  23 stone giants
  Nessos (D:14)
  A black sun (Pan)
  2 elemental wellsprings
  16 green draconians
  Azrael (D:13)
  7 deep elf annihilators
  22 white draconians
  6 deep elf demonologists
  A lorocyproca (Hell)
  A spark wasp (Spider:4)
  10 black draconians
  A spark wasp (shapeshifter) (Abyss:5)
  12 yellow draconians
  13 red draconians
  The ghost of Xoff the Cleaver, a journeyman MiFi of Okawaru (Lair:3)
  10 blizzard demons
  14 purple draconians
  4 green deaths
  2 eidola
  A kraken zombie (Coc:3)
  4 quicksilver dragon zombies
  5 deep elf death magi
  15 ettins
  6 jiangshi
  12 fire dragons
  5 death oozes (Slime:5)
  2 deep elf high priests (Elf:3)
  A merfolk impaler (Depths:5)
  17 ogre magi
  Erolcha (Orc:1)
  Harold (Lair:4)
  15 great orbs of eyes
  18 yaktaur captains
  20 hydras
  The ghost of Monsterracer the Severer, a journeyman HOFi of Qazlal (IceCv)
  42 vault guards
  8 rakshasas
  2 quicksilver dragon skeletons
  Fannar (D:11)
  2 hell beasts
  14 ice dragons
  3 catoblepae
  14 centaur warriors
  3 monstrous demonspawn (Pan)
  An alligator (Swamp:3)
  2 death knights
  14 dancing weapons
  Erica (D:8)
  13 deep troll shamans
  4 spriggan air magi
  9 deep troll earth magi
  53 two-headed ogres
  A titan zombie (Coc:3)
  17 death yaks
  5 tengu warriors
  33 hell hogs
  12 thrashing horrors
  8 vampire magi
  Urug (Lair:4)
  14 sun demons
  3 spriggan berserkers
  5 orc high priests
  6 storm dragon zombies
  A fire crab (shapeshifter) (Vaults:5)
  Sonja (Orc:2)
  The ghost of inmateoo the Covert, a journeyman VSNe of Okawaru (D:10)
  7 wretched stars
  10 soul eaters
  2 titan skeletons
  11 deep elf knights
  2 iron golems
  50 hell knights
  39 skeletal warriors
  2 spatial maelstroms
  5 shadow wraiths
  4 sixfirhies
  An infernal demonspawn (Depths:3)
  A spriggan druid (Swamp:2)
  An unseen horror (shapeshifter) (D:11)
  4 swamp dragons
  4 golden dragon zombies
  8 flayed ghosts
  6 cherubim (Depths:4)
  A gelid demonspawn (Pan)
  A glowing orange brain (shapeshifter) (Vaults:3)
  4 shadow demons
  6 iron trolls
  5 unseen horrors
  A ghost moth zombie (Coc:1)
  7 glowing orange brains
  3 torturous demonspawn (Pan)
  6 wizards
  36 deep trolls
  5 anaconda zombies
  A shambling mangrove (Swamp:3)
  3 lindwurms
  21 orc knights
  7 iron dragon zombies
  Pikel (D:6)
  9 deep elf archers
  17 ironbrand convokers
  6 shadow dragon zombies
  A golden dragon skeleton (Geh:5)
  4 phantasmal warriors
  53 starcursed masses
  20 necromancers
  9 orc sorcerers
  29 ugly things
  6 anaconda skeletons
  46 deep elf magi
  2 harpies (shapeshifter)
  7 shadow dragon skeletons
  A mana viper (shapeshifter) (Depths:3)
  19 orb spiders
  7 cyclopes
  7 stone giant zombies
  2 sphinx zombies
  A sphinx skeleton (Vaults:3)
  20 wolf spiders
  3 wolf spider zombies
  4 stone giant skeletons
  8 shining eyes
  2 frost giant zombies
  11 oklob plants (Zot:4)
  3 manticores
  An iron dragon skeleton (Geh:7)
  2 worldbinders (Abyss:5)
  27 moths of wrath
  A salamander (shapeshifter) (Vaults:4)
  A moth of wrath (shapeshifter) (Vaults:3)
  5 black mambas
  3 fire giant zombies
  17 vault sentinels
  A naga mage (D:15)
  2 frost giant skeletons
  A guardian serpent (Abyss:2)
  29 rust devils
  2 dire elephant zombies
  A shock serpent zombie (Hell)
  2 eyes of devastation
  12 elephants
  3 torpor snails
  An ice statue (IceCv)
  A black mamba (shapeshifter) (Vaults:1)
  Joseph (D:8)
  3 fire giant skeletons
  A guardian serpent (shapeshifter) (Vaults:1)
  2 emperor scorpion zombies
  17 smoke demons
  8 molten gargoyles
  An apocalypse crab (Abyss:5)
  19 spiny frogs
  A yaktaur zombie (Vaults:4)
  3 gargoyles
  9 orange demons
  A human zombie (Vaults:1)
  18 hellions
  20 tormentors
  30 freezing wraiths
  A catoblepas zombie (Abyss:2)
  8 demonic crawlers
  4 dire elephant skeletons
  69 yaktaurs
  4 komodo dragons
  5 rime drakes
  An efreet (Geh:5)
  2 catoblepas skeletons
  8 hydra zombies
  29 ice devils
  8 ancient zymes
  A human skeleton (Vaults:1)
  6 tengu conjurers
  9 hellwings
  2 yaktaur skeletons (Vaults:1)
  A jumping spider (shapeshifter) (D:15)
  3 meliai (Spider:3)
  18 jumping spiders
  8 polar bears (Lair:6)
  10 trolls
  2 wolf spider simulacra
  A harpy zombie (D:15)
  A queen bee (shapeshifter) (Depths:3)
  26 red devils
  Grinder (D:3)
  3 tyrant leeches
  A bog body (Swamp:4)
  12 fire dragon zombies
  19 hornets
  14 raiju
  12 blink frogs
  4 dream sheep (Lair:6)
  4 harpy skeletons
  A blink frog (shapeshifter) (Vaults:1)
  8 hippogriffs
  102 slime creatures
  9 hydra skeletons
  7 ettin zombies
  25 large abominations
  2 ice dragon zombies
  A frost giant simulacrum (Coc:1)
  77 flying skulls
  8 alligator zombies
  42 redbacks
  An alligator skeleton (Coc:7)
  10 air elementals
  6 shadows
  28 tarantellas
  8 ynoxinuls
  7 spriggans
  5 ettin skeletons
  5 fire dragon skeletons
  4 wyverns
  2 ice dragon skeletons
  Sigmund (D:5)
  8 water elementals
  20 wraiths
  3 basilisks
  3 vampires
  A black mamba skeleton (Geh:5)
  12 fire bats
  20 humans
  13 small abominations
  5 steam dragons
  38 yaks
  6 chaos spawn
  2 neqoxecs
  3 hungry ghosts
  A yaktaur simulacrum (Vaults:2)
  25 fire elementals
  4 hogs (D:9)
  24 vampire mosquitoes
  14 insubstantial wisps
  12 golden eyes
  13 wargs
  Edmund (D:4)
  2 spatial vortices (Abyss:5)
  A merfolk zombie (Geh:7)
  11 swamp worms
  5 spiny frog zombies
  10 water moccasins
  2 acid dragons (Vaults:1)
  A floating eye (Depths:1)
  64 hell hounds
  16 porcupines
  67 orc warriors
  12 swamp drakes
  2 spiny frog skeletons
  Purgy (Sewer)
  13 ice beasts
  2 sky beasts
  3 slaves (D:6)
  An orc zombie (Vaults:1)
  6 eyes of draining
  11 necrophages
  A snapping turtle zombie (Geh:7)
  45 ogres
  12 black bears
  9 phantoms
  An eye of draining (shapeshifter) (D:15)
  An ogre (shapeshifter) (Vaults:3)
  6 boggarts
  21 wolves
  35 centaurs
  3 manticore skeletons
  18 crocodiles
  2 big kobolds
  An elf zombie (Geh:3)
  2 wyvern zombies
  21 bullfrogs
  9 gnoll sergeants
  2 spectral wargs (Depths:2)
  An elf skeleton (Geh:3)
  3 earth elementals
  A wyvern skeleton (D:9)
  6 scorpions
  4 human simulacra
  11 killer bees
  4 troll zombies
  An elephant simulacrum (IceCv)
  An electric eel (Lair:2)
  49 wights
  A spriggan skeleton (Geh:6)
  A howler monkey (D:5)
  5 lava snakes (Volcano)
  7 crimson imps
  2 bullfrog zombies (D:12)
  9 centaur zombies
  5 draconian simulacra (IceCv)
  2 quasits
  7 hounds
  30 orc priests
  6 gnoll shamans (Bailey)
  8 jellies
  35 orc wizards
  Crazy Yiuf (D:2)
  3 bullfrog skeletons
  5 centaur skeletons
  8 iguanas
  9 iron imps
  Natasha (D:4)
  16 hell rats
  11 worker ants
  A spriggan simulacrum (IceCv)
  A polar bear simulacrum (IceCv)
  5 troll simulacra (IceCv)
  A wolf simulacrum (IceCv)
  2 ogre zombies
  2 centaur simulacra (IceCv)
  2 hound skeletons
  A hound zombie (D:10)
  4 mummies (Coc:3)
  30 gnolls
  3 river rats (Lair:1)
  15 adders
  6 naga simulacra (IceCv)
  An ogre simulacrum (IceCv)
  5 shadow imps
  27 white imps
  2 ufetubi (Abyss:2)
  6 oozes
  2 adder skeletons
  2 worms
  A dart slug (D:3)
  6 leopard geckos
  134 orcs
  A ball python (Sewer)
  8 giant cockroaches
  11 goblins
  5 hobgoblins
  4 jackals (D:10)
  25 kobolds
  3 quokkas
  7 bats
  7 frilled lizards
  A kobold zombie (Geh:7)
  A leopard gecko skeleton (D:5)
  A leopard gecko zombie (D:5)
  An orc skeleton (Geh:6)
  2 quokka skeletons (D:5)
  4 rats (D:1)
  A briar patch (Swamp:4)
  A bush (Zot:4)
  A butterfly (Lair:5)
  3 lurking horrors
  2 plants
  2 starspawn tentacles (Abyss:1)
  4 tentacles (Coc:3)
3766 creatures vanquished.

Vanquished Creatures (others)
  An Orb Guardian (Zot:5)
  A draconian scorcher (Zot:4)
  2 draconian annihilators
  A white draconian (Zot:2)
  A jiangshi (Abyss:5)
  2 hydras
  2 two-headed ogres (Vaults:4)
  2 hell hogs
  A spriggan (Depths:4)
  2 anaconda zombies
  A spatial maelstrom (Abyss:1)
  A lindwurm (Swamp:4)
  A necromancer (Geh:2)
  An ironbrand convoker (Vaults:2)
  A moth of wrath (Zot:5)
  A frost giant zombie (Vaults:4)
  An elephant (Lair:5)
  A yaktaur (Vaults:2)
  A polar bear (Lair:6)
  A hornet (Depths:4)
  A slime creature (Slime:1)
  A flying skull (Geh:2)
  2 redbacks
  A tarantella (Spider:1)
  2 water elementals
  2 steam dragons (Swamp:4)
  An orc warrior (Orc:2)
  2 ogres
  A swamp drake (Swamp:4)
  A wolf (Depths:2)
  A tengu (shapeshifter) (Depths:3)
  A centaur (Depths:2)
  4 wights (Geh:5)
  An iron imp (Dis:7)
  A gnoll (Bailey)
  A goblin (Orc:1)
  A frilled lizard (Sewer)
  11 fungi
  5 lurking horrors
  14 plants
  4 starspawn tentacles
  3 tentacles (Coc:3)
86 creatures vanquished.

Grand Total: 3852 creatures vanquished

Notes
Turn   | Place    | Note
-------+----------+-------------------------------------------
     0 | D:1      | Dustman the Minotaur Gladiator began the quest for the Orb.
     0 | D:1      | Reached XP level 1. HP: 18/18 MP: 0/0
   326 | D:1      | Reached XP level 2. HP: 23/25 MP: 1/1
   507 | D:2      | Reached skill level 5 in Long Blades
   507 | D:2      | Reached XP level 3. HP: 29/30 MP: 2/2
   738 | D:2      | Found a deep blue altar of Sif Muna.
   739 | D:2      | Found a sacrificial altar of Ru.
   752 | D:2      | Became a worshipper of Ru the Awakened
   765 | D:2      | Reached skill level 1 in Armour
   880 | D:2      | Found a runed door.
   884 | D:2      | Noticed Crazy Yiuf
   889 | D:2      | Killed Crazy Yiuf
   889 | D:2      | Reached XP level 4. HP: 30/37 MP: 3/3
  1165 | D:3      | Noticed Grinder
  1165 | D:3      | Paralysed by Grinder for 3 turns
  1170 | D:3      | Paralysed by Grinder for 2 turns
  1174 | D:3      | Killed Grinder
  1174 | D:3      | Reached XP level 5. HP: 15/42 MP: 4/4
  1174 | D:3      | Reached XP level 6. HP: 18/50 MP: 5/5
  1848 | D:4      | Noticed Natasha
  1857 | D:4      | Killed Natasha
  1887 | D:4      | Gained mutation: You are somewhat inexperienced. (-2 XL) [Ru sacrifice]
  1887 | D:4      | Reached XP level 5. HP: 42/42 MP: 4/4
  1887 | D:4      | Reached XP level 4. HP: 37/37 MP: 3/3
  1887 | D:4      | Reached * piety under Ru
  1887 | D:4      | Reached ** piety under Ru
  1929 | D:4      | Noticed Edmund
  1953 | D:4      | Killed Edmund
  1953 | D:4      | Reached XP level 5. HP: 20/42 MP: 4/4
  2205 | D:4      | Reached XP level 6. HP: 50/50 MP: 5/5
  2349 | D:4      | Found a blossoming altar of Fedhas.
  2623 | D:4      | Reached skill level 5 in Armour
  2765 | D:5      | Entered Level 5 of the Dungeon
  2774 | D:5      | Reached XP level 7. HP: 56/56 MP: 6/6
  2876 | D:5      | Found Plog's Weapon Boutique.
  2976 | D:5      | Noticed Sigmund
  2985 | D:5      | Killed Sigmund
  2985 | D:5      | Reached skill level 10 in Long Blades
  3002 | D:5      | Found Oxtot's Antique Weapon Shop.
  3007 | D:5      | Bought a runed long sword for 104 gold pieces
  3103 | D:5      | Found Rujaf's Antique Armour Shoppe.
  3109 | D:5      | Found Uqeys's Assorted Antiques.
  3217 | D:5      | Found Jolaf's Antique Armour Shop.
  3341 | D:6      | Reached XP level 8. HP: 50/62 MP: 7/7
  3402 | D:6      | Found a glowing drain.
  3420 | Sewer    | Entered a sewer
  3461 | Sewer    | Noticed Purgy
  3463 | Sewer    | Gained mutation: You possess an exceptional clarity of mind. [potion of mutation]
  3463 | Sewer    | Gained mutation: You are surrounded by a mild repulsion field. (EV +2) [potion of mutation]
  3465 | Sewer    | Killed Purgy
  3509 | D:6      | Noticed Pikel
  3641 | D:6      | Found a basalt altar of Yredelemnul.
  3641 | D:6      | Found an ornate altar of the Wu Jian Council.
  4152 | D:6      | Got a steaming iron ring
  4327 | D:6      | Found a staircase to the Ecumenical Temple.
  4519 | D:6      | Identified the ring of Boyromor {Fire Dex+7} (You found it on level 6 of the Dungeon)
  4664 | D:6      | Killed Pikel
  4664 | D:6      | Reached XP level 9. HP: 73/73 MP: 8/8
  4825 | D:7      | Reached skill level 5 in Fighting
  4838 | D:7      | Got a pair of faintly glowing gloves
  4850 | D:7      | Identified the +2 pair of gloves of Ozigulue {rN+ rCorr} (You found it on level 7 of the Dungeon)
  5416 | D:8      | Reached skill level 5 in Dodging
  5497 | D:8      | Found a shadowy altar of Dithmenos.
  5641 | D:8      | Noticed Joseph
  5662 | D:8      | Killed Joseph
  5662 | D:8      | Reached XP level 10. HP: 69/83 MP: 9/9
  5670 | D:8      | Noticed Erica
  5684 | D:8      | Killed Erica
  6026 | D:9      | Noticed Gastronok
  6044 | D:9      | Killed Gastronok
  6114 | D:9      | Reached skill level 10 in Armour
  6174 | D:9      | Reached XP level 11. HP: 68/94 MP: 10/10
  6210 | D:9      | Found a staircase to the Lair.
  6290 | D:9      | Found a staircase to the Orcish Mines.
  6299 | D:9      | Found a roughly hewn altar of Beogh.
  6921 | D:10     | Entered Level 10 of the Dungeon
  6978 | D:10     | Reached skill level 15 in Long Blades
  7057 | D:10     | Noticed inmateoo's ghost (journeyman VSNe)
  7071 | D:10     | Killed inmateoo's ghost
  7095 | D:10     | Identified a scroll of acquirement
  7098 | D:10     | Got a brightly glowing scimitar
  7099 | D:10     | Identified the +2 scimitar of Laeczex {freeze, +Blink rN+ Int-4 SInv} (You acquired it on level 10 of the Dungeon)
  7553 | Orc:1    | Entered Level 1 of the Orcish Mines
  7575 | Orc:1    | Noticed Erolcha
  7575 | Orc:1    | Noticed an orc knight
  7597 | Orc:1    | Killed Erolcha
  7609 | Orc:1    | Killed an orc knight
  7745 | Orc:1    | Found a flagged portal.
  7757 | Bailey   | Entered a bailey
  8079 | Bailey   | Reached XP level 12. HP: 87/105 MP: 11/11
  8218 | Orc:1    | Found Ymne's Antique Armour Boutique.
  8448 | Orc:2    | Entered Level 2 of the Orcish Mines
  8456 | Orc:2    | Noticed Sonja
  8469 | Orc:2    | Killed Sonja
  8761 | Orc:2    | Noticed an orc warlord
  8806 | Orc:2    | Noticed a two-headed ogre
  8816 | Orc:2    | Killed a two-headed ogre
  8816 | Orc:2    | Reached skill level 10 in Fighting
  8818 | Orc:2    | Noticed a two-headed ogre
  9021 | Orc:2    | Noticed a two-headed ogre
  9036 | Orc:2    | Killed a two-headed ogre
  9070 | Orc:2    | Killed a two-headed ogre
  9112 | Orc:2    | Gained mutation: You are hated by all. [Ru sacrifice]
  9112 | Orc:2    | Reached *** piety under Ru
  9136 | Orc:2    | Killed an orc warlord
  9246 | Orc:2    | Reached skill level 10 in Dodging
  9343 | Orc:2    | Found a roughly hewn altar of Beogh.
  9344 | Orc:2    | Found Civ Qeumugy's Gadget Boutique.
  9363 | Orc:2    | Found Eveocw's Food Shop.
  9544 | Orc:2    | Noticed an orc warlord
  9565 | Orc:2    | Killed an orc warlord
  9565 | Orc:2    | Reached XP level 13. HP: 45/116 MP: 12/12
  9890 | Orc:2    | Found a roughly hewn altar of Beogh.
  9922 | Orc:2    | Found Asentaov's Magic Scroll Shop.
 10015 | Orc:2    | Found Isuanun's Magic Scroll Shoppe.
 10038 | Orc:2    | Bought a scroll of enchant weapon for 105 gold pieces
 10191 | Orc:2    | Bought a scroll of enchant armour for 97 gold pieces
 10478 | Orc:2    | Found a staircase to the Elven Halls.
 10692 | D:5      | Bought a steaming plate armour for 728 gold pieces
 10704 | D:5      | Identified the cursed +0 plate armour of Knowledge {rPois Str-5 Int+4} (You bought it in a shop on level 5 of the Dungeon)
 10753 | D:5      | Bought an ancient scale mail for 234 gold pieces
 10769 | D:5      | Identified the +2 scale mail of the Merchant {*Drain rN+ Regen+} (You bought it in a shop on level 5 of the Dungeon)
 10901 | Lair:1   | Entered Level 1 of the Lair of Beasts
 10938 | Lair:1   | Gained mutation: You are weak. (Str -2) [Ru sacrifice]
 10938 | Lair:1   | Reached **** piety under Ru
 11598 | Lair:2   | Found a staircase to the Swamp.
 12643 | Lair:3   | Noticed Xoff's ghost (journeyman MiFi)
 12657 | Lair:3   | Killed Xoff's ghost
 12657 | Lair:3   | Reached XP level 14. HP: 113/129 MP: 13/13
 13244 | Lair:4   | Found a hole to the Spider Nest.
 13257 | Lair:4   | Reached skill level 15 in Armour
 13534 | Lair:4   | Noticed Urug
 13547 | Lair:4   | Killed Urug
 13554 | Lair:4   | Noticed Harold
 13579 | Lair:4   | Killed Harold
 13947 | Lair:5   | Found a dark tunnel.
 13956 | Volcano  | Entered a volcano
 14159 | Volcano  | Found a bloodstained altar of Trog.
 14222 | Volcano  | Got a pair of distressingly furry boots
 14414 | Lair:5   | Identified the +0 pair of boots of Xom's Supremacy {+Fly Regen+} (You found it in a volcano)
 14461 | Lair:5   | Got a fine triple sword
 14462 | Lair:5   | Identified the +9 triple sword of Patterns {slice, rElec Str+7 Int-3 Dex+4} (You acquired it on level 5 of the Lair of Beasts)
 14994 | Lair:6   | Entered Level 6 of the Lair of Beasts
 15342 | Lair:6   | Found a staircase to the Slime Pits.
 15533 | Lair:6   | Reached XP level 15. HP: 116/138 MP: 14/14
 15844 | Lair:6   | Got a crude copper amulet
 16048 | Lair:6   | Identified the amulet "Gerhos" {Spirit rN+ MP-9 Dex+7} (You found it on level 6 of the Lair of Beasts)
 16721 | D:11     | Noticed a sphinx
 16724 | D:11     | Killed a sphinx
 16930 | D:11     | Identified Tege's Almanac of Mutagenic Translocation
 17061 | D:11     | Noticed Fannar
 17067 | D:11     | Killed Fannar
 17223 | D:11     | Found a basalt altar of Yredelemnul.
 17615 | D:12     | Found Ifobbuim's Antique Weapon Shop.
 18066 | D:13     | Found a gate to the Vaults.
 18218 | D:13     | Found a frozen archway.
 18232 | IceCv    | Entered an ice cave
 18340 | IceCv    | Noticed Monsterracer's ghost (journeyman HOFi)
 18403 | IceCv    | Killed Monsterracer's ghost
 18403 | IceCv    | Reached XP level 16. HP: 125/146 MP: 15/15
 18521 | IceCv    | Got a crude hat
 18538 | IceCv    | Identified the cursed -5 hat "Qarafuij" {*Drain rN++} (You found it in an ice cave)
 18602 | IceCv    | Found an ancient bone altar of Kikubaaqudgha.
 18925 | D:13     | Noticed Azrael
 18931 | D:13     | Killed Azrael
 19512 | D:14     | Noticed Agnes
 19516 | D:14     | Killed Agnes
 19525 | D:14     | Noticed Nessos
 19530 | D:14     | Killed Nessos
 19785 | D:15     | Entered Level 15 of the Dungeon
 20128 | D:15     | Found a staircase to the Depths.
 20599 | Depths:1 | Entered Level 1 of the Depths
 20747 | Depths:1 | Found a large runed door.
 20747 | Depths:1 | Found a large runed door.
 20801 | Depths:1 | Got a faintly glowing bone amulet
 20803 | Depths:1 | Identified the amulet "Nuwnaheu" {Gourm rF+ rC- Str+4 Int+2} (You found it on level 1 of the Depths)
 20890 | Depths:1 | Found Qemnoise's Book Emporium.
 20899 | Depths:1 | Found Estis's Food Shoppe.
 20909 | Depths:1 | Reached XP level 17. HP: 154/154 MP: 16/16
 20919 | Depths:1 | Found Melof's Assorted Antiques.
 20922 | Depths:1 | Found Purait's Food Emporium.
 21465 | Depths:1 | Found a gateway to Hell.
 21721 | Depths:1 | Paralysed by a great orb of eyes for 5 turns
 21728 | Depths:1 | Reached skill level 15 in Fighting
 21764 | Depths:1 | Gained mutation: You expend magic power (3 MP) to strengthen your wands. [a shining eye]
 21810 | Depths:1 | Paralysed by a floating eye for 2 turns
 21811 | Depths:1 | Gained mutation: You are frail. (-10% HP) [a shining eye]
 21818 | Depths:1 | Paralysed by a great orb of eyes for 3 turns
 21839 | Depths:1 | Got a distressingly furry chain mail
 21904 | Depths:1 | Identified the +7 chain mail of the Trilobite {Regen+} (You found it on level 1 of the Depths)
 22195 | Swamp:1  | Entered Level 1 of the Swamp
 22373 | Swamp:2  | Noticed Donald
 22383 | Swamp:2  | Killed Donald
 22620 | Swamp:4  | Entered Level 4 of the Swamp
 22975 | Swamp:4  | Noticed Nikola
 23007 | Swamp:4  | Killed Nikola
 23007 | Swamp:4  | Reached XP level 18. HP: 149/149 MP: 17/17
 23029 | Swamp:4  | Lost mutation: You are frail. (-10% HP) [potion of mutation]
 23029 | Swamp:4  | Lost mutation: You possess an exceptional clarity of mind. [potion of mutation]
 23029 | Swamp:4  | Gained mutation: You are partially covered in iridescent scales. (AC +2) [potion of mutation]
 23029 | Swamp:4  | Gained mutation: You have supernaturally acute eyesight. (SInv) [potion of mutation]
 23029 | Swamp:4  | Gained mutation: You are agile. (Dex +2) [potion of mutation]
 23132 | Swamp:4  | Noticed Mara
 23138 | Swamp:4  | Noticed Dustman's illusion
 23139 | Swamp:4  | Killed Mara
 23139 | Swamp:4  | Reached skill level 15 in Dodging
 23192 | Swamp:4  | Got a decaying rune of Zot
 23508 | Spider:1 | Entered Level 1 of the Spider Nest
 23677 | Spider:2 | Noticed Arachne
 23689 | Spider:2 | Killed Arachne
 23738 | Spider:2 | Noticed Aizul
 23749 | Spider:2 | Killed Aizul
 24000 | Spider:4 | Entered Level 4 of the Spider Nest
 24623 | Spider:4 | Got a gossamer rune of Zot
 24989 | Vaults:1 | Entered Level 1 of the Vaults
 25004 | Vaults:1 | Reached XP level 19. HP: 168/179 MP: 18/18
 25308 | Vaults:1 | Got a fine copper ring
 25336 | Vaults:1 | Lost intelligence.
 25336 | Vaults:1 | Identified the ring of Wuomm {Fire rElec MR- Str+8 Int-3} (You took it off an orc knight on level 1 of the Vaults)
 26437 | Vaults:2 | Reached skill level 1 in Stealth
 26510 | Vaults:2 | Found Lulorox's Assorted Antiques.
 26536 | Vaults:2 | Found Eclint's Book Shop.
 26685 | Vaults:2 | Found Jari Rang's Antique Weapon Shop.
 26723 | Vaults:2 | Found Guam's Food Shoppe.
 26814 | Vaults:2 | Gained mutation: You cannot study or cast Poison magic. [Ru sacrifice]
 26814 | Vaults:2 | Gained mutation: You cannot study or cast Hexes magic. [Ru sacrifice]
 26814 | Vaults:2 | Gained mutation: You cannot study or cast Translocations magic. [Ru sacrifice]
 26814 | Vaults:2 | Reached ***** piety under Ru
 26906 | Vaults:2 | Reached XP level 20. HP: 155/191 MP: 19/19
 28210 | Vaults:3 | Found a staircase to the Crypt.
 28334 | Vaults:3 | Reached skill level 5 in Stealth
 28592 | Vaults:3 | Found Fudiybia's Magic Scroll Shop.
 28593 | Vaults:3 | Found Ynan's Armour Shop.
 28654 | Vaults:3 | Found Ulilaami's Weapon Shop.
 29178 | Vaults:4 | Found Cupari's Antique Weapon Emporium.
 29319 | Vaults:4 | Got a jewelled hat
 29330 | Vaults:4 | Identified the +0 hat "Wanokeip" {*Corrode Str+8 Int+2} (You acquired it on level 4 of the Vaults)
 29856 | Vaults:4 | Reached XP level 21. HP: 201/201 MP: 20/20
 30254 | Vaults:5 | Entered Level 5 of the Vaults
 30393 | Vaults:5 | Reached skill level 10 in Stealth
 30409 | Vaults:5 | Noticed a juggernaut
 30411 | Vaults:5 | a juggernaut changed into a titan
 30848 | Depths:2 | Found The Legendary Ogizum's Legendary Smithy.
 30866 | Depths:2 | Found Utuerr's Slaves and Accessories.
 30912 | Depths:2 | Found Uceag's Miraculous Elixirs.
 30946 | Depths:2 | Found Jack's Jerk-a-riffic Jerky.
 31375 | Depths:2 | Found a gateway to a ziggurat.
 31626 | Depths:2 | Found a one-way gate leading to the halls of Pandemonium.
 31708 | Depths:2 | Found a bloodstained altar of Trog.
 31711 | Depths:2 | Reached XP level 22. HP: 211/211 MP: 21/21
 32330 | Depths:3 | Noticed Boris
 32336 | Depths:3 | Killed Boris
 32772 | Depths:3 | Found a deep blue altar of Sif Muna.
 32791 | Depths:3 | Noticed Bai Suzhen
 32808 | Depths:3 | Killed Bai Suzhen
 33041 | Depths:4 | Noticed Sojobo
 33052 | Depths:4 | Killed Sojobo
 33458 | Depths:4 | Found a one-way gate to the infinite horrors of the Abyss.
 33678 | Depths:4 | Found a glowing silver altar of Zin.
 33796 | Depths:4 | Reached XP level 23. HP: 213/222 MP: 22/22
 34072 | Depths:5 | Entered Level 5 of the Depths
 34193 | Depths:5 | Found a gate to the Realm of Zot.
 35843 | Vaults:5 | Cast into level 3 of the Abyss (a deep elf demonologist)
 36070 | Vaults:5 | Escaped the Abyss
 36138 | Vaults:5 | Noticed a caustic shrike
 36138 | Vaults:5 | a shadow dragon changed into a caustic shrike
 36144 | Vaults:5 | a caustic shrike changed into a golden dragon
 36240 | Vaults:5 | Identified the Catalogue of the Nocuous Snowflakes
 36416 | Vaults:5 | Reached XP level 24. HP: 196/236 MP: 22/22
 36848 | Vaults:5 | Identified the Guide on Combat Magic and Benedictions
 36985 | Vaults:5 | Got a silver rune of Zot
 37247 | Vaults:5 | Reached skill level 27 in Long Blades
 37294 | Vaults:5 | Found Fyijitwyat's Antique Weapon Shop.
 37638 | Elf:1    | Entered Level 1 of the Elven Halls
 37723 | Elf:1    | Found Ublouv's Assorted Antiques.
 38308 | Elf:2    | Found a runed gate.
 38308 | Elf:2    | Found a runed gate.
 38308 | Elf:2    | Found a runed gate.
 38441 | Elf:2    | Found Cuvyonn's Book Shop.
 38537 | Elf:2    | Found Cuyrisuk's Antique Weapon Shop.
 38735 | Elf:3    | Entered Level 3 of the Elven Halls
 38904 | Elf:3    | Found Migofut's Assorted Antiques.
 39229 | Elf:3    | Cast into level 2 of the Abyss (a deep elf sorcerer)
 39997 | Elf:3    | Escaped the Abyss
 40159 | Elf:3    | Identified Sif Muna's Guide on the Mutagenic Mountains
 40281 | Elf:3    | Identified the Reference Book on Gliding Flames
 40817 | Slime:1  | Entered Level 1 of the Pits of Slime
 40843 | Slime:1  | Reached XP level 25. HP: 203/253 MP: 0/22
 41336 | Slime:5  | Entered Level 5 of the Pits of Slime
 41681 | Slime:5  | Noticed the Royal Jelly
 41691 | Slime:5  | Found a viscous altar of Jiyva.
 41748 | Slime:5  | Killed the Royal Jelly
 41790 | Slime:5  | Identified Ahuna's Tome of Quantum Contamination
 41831 | Slime:5  | Identified the Reference Book on the Mountains and Creation
 41890 | Slime:5  | Got a slimy rune of Zot
 41896 | Slime:5  | Got a smoking brass amulet
 42167 | D:9      | Identified the amulet of Kiehedets {Inacc rPois Stlth+} (You found it on level 5 of the Pits of Slime)
 42408 | Hell     | Entered the Vestibule of Hell
 42408 | Hell     | Noticed Geryon
 42419 | Hell     | Killed Geryon
 42496 | Hell     | Reached skill level 27 in Fighting
 42577 | Hell     | Found a gateway to the ashen valley of Gehenna.
 42629 | Hell     | Found a gateway to the Iron City of Dis.
 42700 | Hell     | Found a gateway to the freezing wastes of Cocytus.
 42795 | Hell     | Found a gateway to the decaying netherworld of Tartarus.
 43104 | Dis:1    | Entered Level 1 of the Iron City of Dis
 43461 | Dis:7    | Entered Level 7 of the Iron City of Dis
 43539 | Dis:7    | Lost intelligence.
 43914 | Dis:7    | Noticed Dispater
 43967 | Dis:7    | Lost intelligence.
 43987 | Dis:7    | Killed Dispater
 44034 | Dis:7    | Got an iron rune of Zot
 44347 | Dis:7    | Reached skill level 15 in Stealth
 44582 | Dis:7    | Got a faintly glowing jade amulet
 44689 | Hell     | Identified the amulet "Wotutag" {RegenMP rPois rF- SInv} (You found it on level 7 of the Iron City of Dis)
 44719 | Coc:1    | Entered Level 1 of Cocytus
 45118 | Zot:1    | Entered Level 1 of the Realm of Zot
 45274 | Zot:1    | Noticed an orb of fire
 45360 | Zot:2    | Noticed an orb of fire
 45364 | Zot:2    | Gained mutation: Your body sometimes deteriorates upon taking damage. [an orb of fire]
 45366 | Zot:2    | Killed an orb of fire
 47715 | Zot:5    | Entered Level 5 of the Realm of Zot
 47872 | Zot:5    | Noticed an ancient lich
 47876 | Zot:5    | Killed an ancient lich
 48056 | Zot:5    | Noticed an ancient lich
 48069 | Zot:5    | Killed an ancient lich
 48303 | Zot:5    | Noticed an orb of fire
 48307 | Zot:5    | Noticed an orb of fire
 48312 | Zot:5    | Killed an orb of fire
 48325 | Zot:5    | Killed an orb of fire
 48348 | Zot:5    | Noticed an ancient lich
 48362 | Zot:5    | Killed an ancient lich
 48363 | Zot:5    | Noticed an ancient lich
 48376 | Zot:5    | Killed an ancient lich
 48381 | Zot:5    | Noticed an orb of fire
 48385 | Zot:5    | Noticed an ancient lich
 48387 | Zot:5    | Gained mutation: You occasionally shout uncontrollably at your foes. [an orb of fire]
 48387 | Zot:5    | Gained mutation: Armour fits poorly on your strangely shaped body. [an orb of fire]
 48388 | Zot:5    | Killed an orb of fire
 48393 | Zot:5    | Killed an ancient lich
 48526 | Zot:5    | Noticed an ancient lich
 48536 | Zot:5    | Killed an ancient lich
 48671 | Zot:5    | Got a slimy amber ring
 49073 | Zot:4    | Noticed Tiamat
 49090 | Zot:4    | Killed Tiamat
 49177 | Zot:4    | Identified the ring "Gank" {Fire rElec MR+ Dex+4} (You found it on level 5 of the Realm of Zot)
 49757 | Zot:1    | Lost mutation: You have supernaturally acute eyesight. (SInv) [an orb of fire]
 49758 | Zot:1    | Killed an orb of fire
 49934 | Zot:1    | Lost mutation: Your body sometimes deteriorates upon taking damage. [potion of mutation]
 49934 | Zot:1    | Lost mutation: Armour fits poorly on your strangely shaped body. [potion of mutation]
 49934 | Zot:1    | Lost mutation: You expend magic power (3 MP) to strengthen your wands. [potion of mutation]
 49934 | Zot:1    | Lost mutation: You are agile. (Dex +2) [potion of mutation]
 49934 | Zot:1    | Lost mutation: You occasionally shout uncontrollably at your foes. [potion of mutation]
 49934 | Zot:1    | Gained mutation: You are mostly covered in iridescent scales. (AC +4) [potion of mutation]
 49934 | Zot:1    | Gained mutation: Your flesh is cold resistant. (rC+) [potion of mutation]
 50690 | Coc:5    | Gained mutation: You cannot study or use magical devices. [Ru sacrifice]
 50690 | Coc:5    | Reached ****** piety under Ru
 50939 | Coc:7    | Entered Level 7 of Cocytus
 51112 | Tar:1    | Entered Level 1 of Tartarus
 51260 | Tar:3    | Lost intelligence.
 51345 | Tar:3    | Lost intelligence.
 51474 | Geh:1    | Entered Level 1 of Gehenna
 51851 | Geh:3    | Reached skill level 27 in Armour
 52506 | Geh:7    | Entered Level 7 of Gehenna
 52943 | Geh:7    | Noticed the Serpent of Hell
 52983 | Geh:7    | Killed the Serpent of Hell
 53122 | Geh:7    | Reached skill level 27 in Dodging
 53270 | Geh:7    | Noticed Asmodeus
 53302 | Geh:7    | Killed Asmodeus
 53432 | Geh:7    | Got a flickering lead amulet
 53439 | Geh:7    | Got a scorched granite ring
 53453 | Geh:7    | Got a brightly glowing plate armour
 53461 | Geh:7    | Got an obsidian rune of Zot
 53464 | Geh:7    | Identified the amulet "Nemiviga" {Gourm rElec Int+4} (You found it on level 7 of Gehenna)
 53466 | Geh:7    | Identified the +0 plate armour "Lutast" {+Fly rC++ Stlth-} (You found it on level 7 of Gehenna)
 53666 | Hell     | Identified the ring of Xeesm {rElec Int+5 SInv} (You found it on level 7 of Gehenna)
 54371 | Pan      | Entered Pandemonium
 54450 | Pan      | Noticed Riylas the pandemonium lord
 55058 | Pan      | Found an exit through the horrors of the Abyss.
 55064 | Pan      | Took an exit into the Abyss.
 55064 | Abyss:1  | Escaped into the Abyss
 55064 | Abyss:1  | Found a corrupted altar of Lugonu.
 55439 | Abyss:3  | Found a bloodstained altar of Trog.
 55488 | Abyss:3  | Gained mutation: Scrolls take you a little longer to read. [a neqoxec]
 55628 | Abyss:4  | Found a corrupted altar of Lugonu.
 55665 | Abyss:4  | Found a corrupted altar of Lugonu.
 55730 | Abyss:5  | Entered Level 5 of the Abyss
 56247 | Abyss:5  | Paralysed by accursed screaming for 1 turns
 56252 | Abyss:5  | Paralysed by accursed screaming for 2 turns
 56289 | Abyss:5  | Paralysed by accursed screaming for 1 turns
 56290 | Abyss:5  | HP: 9/257 [starcursed mass/accursed screaming (13)]
 56295 | Abyss:5  | Slain by a frost giant simulacrum

Vault maps used:
D:1:      minmay_arrival_split_and_join, minmay_circled_x
D:2:      gammafunk_temple_overflow_pools, uniq_crazy_yiuf_cottage
D:3:      uniq_grinder
D:4:      fedhas_altar_1, first_bread, uniq_natasha, uniq_edmund
D:5:      corexii_shack_village, serial_shops, shop,
          nicolae_shop_overgrown_old_shop, kennysheep_little_box,
          nicolae_shop_statue_plus, nicolae_shop_window_shopping, uniq_sigmund
D:6:      nicolae_overflow_hidden_temple, minmay_temple_entry_enclosed_plants,
          portal_sewer_entry_d, minmay_splitting_lines, uniq_pikel
D:8:      nicolae_dithmenos_shadow_blocks, uniq_erica, uniq_joseph
D:9:      minmay_lair_entry_grove, minmay_orc_entry_temple_small,
          grunt_livestock, uniq_gastronok
D:11:     minmay_box_of_curves, basic_altar, uniq_fannar
D:12:     serial_shops, nicolae_shop_crystal, kennysheep_generic_room_6
D:13:     grunt_vaults_entry_tiered, portal_ice_cave_demonic_guard, uniq_azrael
D:14:     nicolae_benzene_ring, uniq_nessos, uniq_agnes
D:15:     grunt_enter_depths_magical_seal, hangedman_decor_peaks_small
Lair:1:   pond
Lair:2:   minmay_swamp_entry_reptiles, patterned_corridor, serial_bayou_shore_a
Lair:3:   beast_lair_carwin_8, grunt_megastairs_3, minmay_lair_oklob_chamber
Lair:4:   nicolae_spider_entry_orb_guardian, uniq_urug, uniq_harold
Lair:5:   dpeg_oklob_gauntlet, nicolae_volcano_entry_two_sided, minivault_19,
          lemuel_fruit_fields
Lair:6:   hangedman_lair_caniforms_friends, hangedman_lair_in_review,
          nicolae_slime_entry_slimehenge, infiniplex_staircase_pool_2
Swamp:1:  nicolae_swamp_trees_clearing
Swamp:2:  evilmike_swamp_ruin_house_4, swamp_pool5, hangedman_swamp_lotus,
          uniq_donald
Swamp:3:  cheibrodos_swamp_heart_of_darkness, hangedman_swamp_ruin_hall,
          swamp_pool1, hangedman_swamp_cone
Swamp:4:  swamp_fiery, uniq_kirke, uniq_nikola, uniq_mara
Spider:2: spider_trap, uniq_aizul, uniq_arachne
Spider:3: nicolae_spider_webs_and_nodes
Spider:4: johnstein_spider_rune_arachne_lair, nicolae_spider_cling_ruins
Slime:2:  cheibrodos_slime_lost_civilization_6
Orc:1:    enter_bailey_3, serial_shops, shop_fountains, uniq_erolcha
Orc:2:    pubby_orc_utopia, serial_shops, uniq_sonja
Elf:1:    eino_elf_arrival_sip, serial_shops, nicolae_shop_overgrown_old_shop,
          hangedman_elf_disciples
Elf:2:    serial_shops, nicolae_shop_waterfront, nicolae_shop_behind_doors
Elf:3:    elf_hall_gauntlet_wide, serial_shops, shop
Vaults:1: vaults_standard_mumra_x, vaults_room_door_hall, grunt_vaults_focal,
          hangedman_vaults_maws, vaults_mumra_minichess, vaults_dpeg_hooks,
          v_misc_22, v_misc_11, vaults_mumra_chevron_long,
          vaults_room_door_hall, nicolae_vaults_rhombus_6, v_alt_pattern_4,
          ontoclasm_vaults_shout
Vaults:2: nicolae_vaults_little_squares_5,
          nicolae_vaults_windows_and_doors_thing, hangedman_vaults_impose,
          ontoclasm_vaults_decontamination, nicolae_vaults_little_ls, v_misc_10,
          hangedman_vaults_river_flow, vaults_dpeg_diagonal, vaults_room_grid,
          hangedman_vaults_capsules, v_misc_10, serial_shops, shop_fountains,
          nicolae_shop_stone, shop, shop
Vaults:3: minmay_crypt_entry_simple_sparse, nicolae_vaults_network_s,
          ontoclasm_vaults_ligature, v_alt_pattern_2, v_misc_8,
          vaults_dpeg_encased_lava, vaults_room_grid, vaults_dpeg_spiral,
          vaults_room_grid, nicolae_vaults_angled_halls,
          hangedman_vaults_hard_town_square, ontoclasm_vaults_gateway,
          ontoclasm_vaults_twist
Vaults:4: vaults_room_fours, nicolae_vaults_gold_heap,
          ontoclasm_vaults_ring_square, v_misc_13, hangedman_vaults_nodes,
          v_misc_29, nicolae_vaults_back_hallway,
          nicolae_vaults_border_crossing, ontoclasm_vaults_tryst,
          hangedman_vaults_maws, hangedman_vaults_snaps,
          nicolae_vaults_little_squares_4, serial_shops,
          nicolae_shop_behind_doors
Depths:1: hangedman_decor_lopped, grunt_hell_entry_dis_old,
          minmay_misc_feat_four_crosses, hangedman_eye_storm, minmay_shoptagon
Depths:2: grated_community_mu, enter_ziggurat_f, hell_entry, pan_entry,
          nicolae_twisting_strands, infiniplex_staircase_split_hallway
Depths:3: minmay_ornate_pinched, rand_demon_pan_entry_8, hell_entry,
          kennysheep_flooded_box, uniq_boris, uniq_bai_suzhen
Depths:4: evilmike_silver_temple, serial_curves, eino_curves_01, eino_curves_02,
          eino_curves_02, eino_curves_02, grunt_mini_vestibule, abyss_entry,
          uniq_sojobo
Depths:5: evilmike_zot_entry_argh, pf_coc_iceberg, rand_demon_pan_entry_1,
          dk_noncrumbling_4, evilmike_butchery
Dis:2:    grunt_megastairs_2
Dis:3:    evilmike_ambush
Dis:4:    nicolae_dis_lava_storage_tank
Dis:7:    iron_city_of_dis
Geh:3:    minmay_firetagon
Geh:7:    geh_mu
Coc:7:    coc_mu
Tar:3:    nicolae_tar_cuneiform_heaven, nicolae_tar_cuneiform_three
Zot:2:    grunt_megastairs_1
Zot:3:    hangedman_snake_sidewinding
Zot:4:    grunt_zot_stairs_overgrown, uniq_tiamat
Abyss:3:  nicolae_abyss_rune_star_stuff, evilmike_abyss_rune_siren_acolytes
Abyss:4:  evilmike_abyss_exit_10, bh_abyss_negative, evilmike_abyss_rune_ettins
Abyss:5:  hangedman_abyss_shoalhut, hangedman_abyss_feature_spike,
          dshaligram_kb_abyss_rune_zappy_water_cross
Pan:      evilmike_mini_pan_diamond
Sewer:    sewer_co_purgy_island
Bailey:   bailey_polearm_gnolls_kennysheep, bailey
IceCv:    ice_cave_small_necro
Volcano:  volcano_grotto

Skill      XL: |  1  2  3  4  5  6  7  8  9 10 11 12 13 14 15 16 17 18 19 20 21 22 23 24 25 |
---------------+----------------------------------------------------------------------------+-----
Long Blades    | 4 5 6 8 9 10 12 13 14 15 16 18 21 24 25 26 27 | 27.0
Armour         | 1 4 5 6 7 8 10 11 13 14 15 17 18 20 27 | 27.0
Fighting       | 4 6 7 9 11 13 14 16 17 19 20 21 23 26 27 | 27.0
Dodging        | 5 7 8 10 12 13 14 16 17 19 20 27 | 27.0
Stealth        | 2 8 11 12 14 25 | 25.3
Throwing       | |  2.0

Action                   |  1- 3 |  4- 6 |  7- 9 | 10-12 | 13-15 | 16-18 | 19-21 | 22-24 | 25-27 || total
-------------------------+-------+-------+-------+-------+-------+-------+-------+-------+-------++-------
Melee: Long sword        |    62 |   128 |   289 |   571 |   604 |       |       |       |       ||  1654
       Headbutt          |    14 |    27 |    70 |   162 |   363 |   353 |   381 |   362 |  1062 ||  2794
       Scimitar          |       |       |       |       |    14 |       |       |       |       ||    14
       Great sword       |       |       |       |       |    14 |    40 |       |       |       ||    54
       Triple sword      |       |       |       |       |   322 |   822 |  1027 |   980 |  2762 ||  5913
Throw: Throwing net      |       |     4 |     1 |       |       |       |       |       |       ||     5
Invok: Sacrifice Experie |       |     1 |       |       |       |       |       |       |       ||     1
       Reject Sacrifices |       |       |     1 |       |     1 |     1 |     1 |     1 |       ||     5
       Sacrifice Love    |       |       |       |     1 |       |       |       |       |       ||     1
       Sacrifice Purity  |       |       |       |       |     1 |       |       |       |       ||     1
       Sacrifice Arcana  |       |       |       |       |       |       |     1 |       |       ||     1
       Draw Out Power    |       |       |       |       |       |       |       |       |     5 ||     5
       Power Leap        |       |       |       |       |       |       |       |       |     4 ||     4
       Sacrifice Artific |       |       |       |       |       |       |       |       |     1 ||     1
 Abil: Evoke Flight      |       |       |       |       |       |       |       |     2 |       ||     2
Evoke: Wand              |       |       |       |     1 |    11 |     1 |     2 |     8 |       ||    23
  Use: Potion            |       |     2 |     2 |     6 |     1 |    11 |    13 |     1 |    27 ||    63
       Scroll            |       |       |     7 |    20 |    13 |     6 |    12 |    14 |    35 ||   107
 Stab: Held in net/web   |       |     1 |       |       |       |       |       |       |       ||     1
       Distracted        |       |       |     1 |     3 |     7 |     6 |     4 |    10 |    50 ||    81
       Invisible         |       |       |     1 |       |     6 |     9 |     5 |     7 |    11 ||    39
       Petrified         |       |       |       |       |     1 |       |       |       |       ||     1
       Paralysed         |       |       |       |       |     1 |       |     2 |     1 |     4 ||     8
       Confused          |       |       |       |       |       |       |     1 |     1 |       ||     2
       Sleeping          |       |       |       |       |       |       |       |    11 |    65 ||    76
  Eat: Chunk             |       |     6 |     8 |     8 |    25 |    13 |    18 |    15 |    12 ||   105
       Royal jelly       |       |       |     1 |     3 |     2 |     4 |     2 |     4 |    19 ||    35
       Fruit             |       |       |       |       |     1 |     2 |     1 |     2 |       ||     6
       Meat ration       |       |       |       |       |       |       |       |     1 |     1 ||     2
Armor: Leather armour    |     9 |       |       |       |       |       |       |       |       ||     9
       Chain mail        |    17 |    56 |    59 |       |       |   177 |   221 |   221 |   263 ||  1014
       Plate armour      |       |       |    55 |   199 |   305 |   104 |       |       |       ||   663
       Shadow dragon sca |       |       |       |       |       |       |       |       |   388 ||   388
Dodge: Dodged            |    37 |    35 |   105 |   279 |   603 |   713 |   835 |   885 |  2477 ||  5969
       Rpst.: Long sword |     8 |     9 |    35 |    65 |    67 |       |       |       |       ||   184
       Scimitar          |       |       |       |       |     2 |       |       |       |       ||     2
       Great sword       |       |       |       |       |     7 |     6 |       |       |       ||    13
       Triple sword      |       |       |       |       |    59 |   146 |   167 |   146 |   438 ||   956
